Map: Ascensione ad Aiur LE

Players

Dogma - Winner!

  • Race: Protoss Protoss
  • League: Diamond
  • Spawn Location: 11:00

Trebo

  • Race: Protoss Protoss
  • League: Platinum
  • Spawn Location: 5:00

VOD

Have the link to the VOD?

Description

Time

  • Played on: Jan. 2, 2018, 8:49 a.m.
  • Length: 6:31
Show
View Real Time Build Order
Export as new Build Order

Dogma Protoss - Winner!

Build Orders: Zealot Archon, Dark Templar Rush 

Get SALT Encoding   

  12  0:01  Probe  
  13  0:14  Probe  
  14  0:21  Pylon  
  14  0:26  Probe  
  15  0:39  Probe (Chrono Boost)  
  16  0:44  Gateway  
  16  0:48  Probe (Chrono Boost)  
  17  0:52  Assimilator  
  17  0:58  Probe (Chrono Boost)  
  18  1:04  Assimilator  
  18  1:06  Assimilator  
  18  1:11  Probe (Chrono Boost)  
  19  1:17  Probe (Chrono Boost)  
  20  1:20  Pylon  
  20  1:25  Probe  
  21  1:35  Cybernetics Core  
  21  1:38  Probe  
  22  1:50  Gateway  
  22  1:57  Probe  
  23  2:11  Stalker (Chrono Boost)  
  23  2:12  Twilight Council  
  23  2:15  Warp Gate (Chrono Boost)  
  25  2:24  Pylon  
  25  2:27  Probe  
  26  2:37  Stalker  
  26  2:42  Probe  
  29  2:53  Dark Shrine  
  29  3:00  Probe, Pylon  
  30  3:07  Stalker  
  32  3:20  Gateway  
  32  3:26  Gateway  
  32  3:30  Probe  
  33  3:37  Stalker  
  35  3:42  Probe  
  36  3:51  Pylon  
  36  4:01  Robotics Facility  
  36  4:15  Dark Templar  
  38  4:17  Dark Templar  
  41  4:24  Probe  
  41  4:29  Dark Templar  
  43  4:36  Probe  
  43  4:38  Pylon  
  44  4:48  Probe  
  43  4:53  Dark Templar  
  42  5:00  Probe  
  41  5:17  Dark Templar  
  39  5:22  Probe (Chrono Boost)  
  38  5:29  Warp Prism (Chrono Boost)  
  38  5:32  Probe (Chrono Boost)  
  41  5:37  Probe (Chrono Boost)  
  42  5:48  Probe  
  43  5:55  Archon x2  
  43  6:00  Probe  
  44  6:12  Nexus  
  44  6:13  Probe  
Show
View Real Time Build Order
Export as new Build Order

Trebo Protoss 

Build Orders:  

Get SALT Encoding   

  12  0:00  Probe  
  13  0:13  Probe  
  14  0:23  Pylon  
  14  0:25  Probe  
  15  0:41  Probe (Chrono Boost)  
  16  0:43  Gateway  
  16  0:47  Assimilator  
  16  0:54  Probe (Chrono Boost)  
  17  1:09  Probe  
  18  1:21  Probe  
  18  1:22  Assimilator  
  19  1:33  Cybernetics Core  
  19  1:41  Pylon  
  19  1:48  Probe (Chrono Boost)  
  20  1:58  Probe (Chrono Boost)  
  21  2:03  Probe (Chrono Boost)  
  21  2:07  Warp Gate (Chrono Boost)  
  22  2:10  Stalker  
  22  2:15  Probe  
  25  2:21  Gateway  
  25  2:30  Pylon  
  25  2:40  Stalker  
  27  3:02  Gateway  
  27  3:03  Gateway  
  27  3:12  Stalker  
  28  3:15  Stalker  
  30  3:47  Pylon  
  30  3:59  Stalker x2  
  30  4:00  Stalker x2  
  38  4:23  Stalker x2  
  42  4:24  Stalker  
  42  4:29  Stalker  
  46  4:47  Pylon  
  28  5:24  Pylon  
  28  5:28  Forge  
  22  5:29  Twilight Council  
  22  5:39  Shield Battery  
  22  5:40  Shield Battery  
  22  5:42  Shield Battery  
  22  5:44  Shield Battery  
  22  5:47  Robotics Facility  
  22  5:52  Probe  
  23  6:05  Photon Cannon  
  23  6:14  Photon Cannon  
  23  6:25  Photon Cannon  
Tags
 
Add a new tag
Caveats
  • Supply blocks, unpowered buildings, or Contaminate may cause inaccurate times.
  • Supply counts are checked every 10 seconds.